 Dungeon Crawl Stone Soup version 0.28.0-53-g5a82cb258f (webtiles) character file.

Game seed: 7581949457847903540

30 Sin92 the Skirmisher (level 3, -5/29 HPs)
             Began as a Demonspawn Fighter on June 14, 2022.
             Slain by a gnoll
             ... wielding a +0 halberd
              (6 damage)
             ... on level 2 of the Dungeon.
             The game lasted 00:01:21 (1097 turns).

Sin92 the Skirmisher (Demonspawn Fighter)           Turns: 1097, Time: 00:01:22

Health: -5/29      AC:  8    Str: 16    XL:     3   Next: 5%
Magic:  3/3        EV:  9    Int:  9    God:
Gold:   23         SH:  5    Dex: 14    Spells: 2/2 levels left

rFire   . . .      SeeInvis .   a - +0 war axe (vorpal)
rCold   . . .      Faith    .   c - +0 buckler
rNeg    . . .      Spirit   .   b - +0 scale mail
rPois   .          Reflect  .   (no helmet)
rElec   .          Harm     .   (no cloak)
rCorr   .          Rampage  .   (no gloves)
Will    .....                   (no boots)
Stlth   ..........              (no amulet)
HPRegen 0.09/turn               (no ring)
MPRegen 0.08/turn               (no ring)

@: no status effects
A: molten scales 1
a: no special abilities


You were on level 2 of the Dungeon.
You visited 1 branch of the dungeon, and saw 2 of its levels.

You collected 23 gold pieces.

Inventory:

Hand Weapons
 a - a +0 vorpal war axe (weapon)
Armour
 b - a +0 scale mail (worn)
 c - a +0 buckler (worn)
Scrolls
 h - a scroll of fog
 i - a scroll of teleportation
Potions
 d - a potion of might
 f - a potion of mutation
 g - a potion of lignification {unknown}


   Skills:
 + Level 3.2 Fighting
 + Level 2.1 Axes
 + Level 3.0 Armour
 + Level 0.8 Dodging
 + Level 2.9 Shields


You had 2 spell levels left.
You didn't know any spells.
Your spell library contained the following spells:

 Spells                   Type           Power      Damage    Failure   Level
 Beastly Appendage        Tmut           0%         N/A       88%         1
 Wereblood                Tmut           0%         N/A       96%         2
 Spider Form              Tmut/Pois      0%         N/A       99%         3
 Summon Forest            Summ/Tloc      0%         N/A       100%        5
 Summon Mana Viper        Hex/Summ       0%         N/A       100%        5
 Summon Cactus Giant      Summ           0%         N/A       100%        6


Dungeon Overview and Level Annotations

Branches:
Dungeon (2/15)

Altars:


Innate Abilities, Weirdness & Mutations

You are partially covered in molten scales. (AC +2)


Message History

You are held in a net!
Unknown command.
You are held in a net!
Unknown command.
You are held in a net!
You struggle against the net.
The kobold barely misses you. The rat bites you but does no damage.
The gnoll barely misses you. x2
The gnoll hits you from afar with a +0 spear.
The frilled lizard bites you but does no damage.
A ball python comes into view.
You struggle against the net.
The kobold hits you but does no damage. The rat bites you but does no damage.
The gnoll completely misses you. The gnoll hits you with a +0 flail!
The gnoll hits you but does no damage.
The frilled lizard bites you but does no damage.
You struggle against the net.
The kobold hits you but does no damage. The rat barely misses you.
The gnoll hits you with a +0 halberd. The gnoll hits you but does no damage.
The gnoll hits you with a +0 flail. The gnoll hits you but does no damage.
The frilled lizard bites you but does no damage.
You struggle against the net.
The kobold barely misses you. The rat bites you but does no damage.
The gnoll barely misses you. The gnoll hits you with a +0 club.
The gnoll hits you with a +0 flail. The frilled lizard closely misses you.
The gnoll hits you from afar with a +0 spear.
* * * LOW HITPOINT WARNING * * *
You rip the net and break free!
The kobold hits you but does no damage.
The rat twitches its whiskers.
The rat bites you but does no damage. The gnoll closely misses you.
The gnoll hits you with a +0 club.
* * * LOW HITPOINT WARNING * * *
The gnoll barely misses you.
The gnoll hits you from afar with a +0 spear.
* * * LOW HITPOINT WARNING * * *
The frilled lizard barely misses you.
You barely miss the kobold. You closely miss the gnoll.
You barely miss the gnoll. You miss the frilled lizard.
You hit the rat but do no damage. You hit the gnoll.
The kobold hits you but does no damage. The rat closely misses you.
The gnoll hits you with a +0 halberd.
You die...

.######
......##
#.....#####
###.........###
......lgg......
#...r@KS$...#
#...g.####.##
......g.#
###......
#.....# #####.#
#.# #..


You could see 4 gnolls, a ball python, a kobold, a frilled lizard and a rat.

Vanquished Creatures
  A dart slug (D:1)
  2 bats (D:1)
  3 endoplasms (D:1)
  A giant cockroach (D:1)
  2 goblins (D:1)
  A hobgoblin (D:1)
  5 kobolds (D:1)
  A quokka (D:1)
  6 ball pythons (D:1)
  3 frilled lizards (D:1)
  4 rats (D:1)
29 creatures vanquished.

Vanquished Creatures (others)
  4 plants (D:1)
4 creatures vanquished.

Grand Total: 33 creatures vanquished

Notes
Turn   | Place    | Note
-------+----------+-------------------------------------------
     0 | D:1      | Sin92 the Demonspawn Fighter began the quest for the Orb.
     0 | D:1      | Reached XP level 1. HP: 18/18 MP: 1/1
    93 | D:1      | Gained mutation: You are partially covered in molten
                  | scales. (AC +2) [demonic ancestry]
    93 | D:1      | Reached XP level 2. HP: 24/24 MP: 2/2
   696 | D:1      | Reached XP level 3. HP: 23/29 MP: 3/3
  1096 | D:2      | HP: 1/29 [gnoll/+0 spear (2)]
  1097 | D:2      | Slain by a gnoll

Illustrated notes

Levels and vault maps discovered:
D:1:      minmay_arrival_four_circles, layout_basic, serial_forest,
          infiniplex_forest_end_3, infiniplex_forest_clump_C,
          infiniplex_forest_clump_curved, infiniplex_forest_lined_corner,
          infiniplex_forest_diagonal, infiniplex_forest_side_room,
          infiniplex_forest_straight_1, infiniplex_forest_clump_curved
D:2:      layout_loops_ring, shapermc_ecumenical_altar_venn, uniq_jessica

Skill      XL: |  1  2 |
---------------+-------+-----
Axes           | 2 |  2.1
Armour         | 3 |  3.0
Fighting       | |  3.2
Dodging        | |  0.8
Shields        | |  2.9

Action                   || total
-------------------------++-------
Melee: War axe           ||    68
  Use: Scroll            ||     4
Armor: Scale mail        ||    48
Dodge: Dodged            ||    47
Block: Buckler           ||    14
